 Dungeon Crawl Stone Soup version 0.22-b1-26-g9dbaab1 (webtiles) character file.

242 MTVSty1e the Skirmisher (level 5, 0/47 HPs)
             Began as a Draconian Berserker on Aug 8, 2018.
             Was a Believer of Trog.
             Slain by an orc warrior
             ... wielding a +0 short sword
              (17 damage)
             ... on level 4 of the Dungeon.
             The game lasted 00:03:45 (2614 turns).

MTVSty1e the Skirmisher (Draconian Berserker)       Turns: 2614, Time: 00:03:46

Health: 0/47       AC:  7    Str: 24    XL:     5   Next: 81%
Magic:  5/5        EV: 12    Int:  7    God:    Trog [**....]
Gold:   162        SH:  0    Dex: 10    Spells: 4/4 levels left

rFire    . . .     SeeInvis .   e - +2 spear (flame)
rCold    . . .     Gourm    .   (no shield)
rNeg     + . .     Faith    .   (armour unavailable)
rPois    .         Spirit   .   (helmet restricted)
rElec    .         Reflect  .   (no cloak)
rCorr    .         Harm     .   j - +1 pair of gloves {Str+3}
MR       ++...                  (no boots)
Stlth    +.........             (no amulet)
HPRegen  1.15/turn              c - ring of positive energy
MPRegen  0.09/turn              (no ring)

@: berserk cooldown, regenerating, slowed, very slow
A: unfitting armour, cold-blooded, AC +5
a: Berserk, Trog's Hand, Renounce Religion


You were on level 4 of the Dungeon.
You worshipped Trog.
Trog was pleased with you.
You were hungry.

You visited 1 branch of the dungeon, and saw 4 of its levels.

You collected 162 gold pieces.

Inventory:

Hand Weapons
 a - a +0 hand axe
 e - a +2 spear of flaming (weapon)
Armour
 j - a +1 pair of gloves of strength (worn)
Jewellery
 c - a ring of positive energy (left hand)
Scrolls
 d - 7 scrolls of identify {unknown}
 f - 4 scrolls of remove curse {unknown}
 h - a scroll of fear {unknown}
 l - a scroll of teleportation {unknown}
Potions
 g - a potion of lignification {unknown}
 i - 2 potions of curing {unknown}
 k - a potion of mutation {unknown}
Comestibles
 b - a ration


   Skills:
 + Level 4.9 Fighting
 - Level 3.7(4.6) Axes
 * Level 4.0(4.7) Polearms
 - Level 2.6 Dodging


You had 4 spell levels left.
You didn't know any spells.
Your spell library was empty.

Dungeon Overview and Level Annotations

Branches:
Dungeon (4/15)
 Temple: D:4-7

Altars:


Innate Abilities, Weirdness & Mutations

Your plain brown scales are hard. (AC +5)
You cannot fit into any form of body armour.
You are cold-blooded and may be slowed by cold attacks.


Message History

You feel your anger nearly subside.
You are no longer berserk.
You pass out from exhaustion.
You feel yourself slow down.
You can move again.
Your skin crawls.
You feel resistant to hostile enchantments.
You are feeling hungry.
The orc warrior hits you but does no damage.
You closely miss the orc warrior.
The orc warrior is moderately wounded.
The orc warrior hits you with a short sword!
* * * LOW HITPOINT WARNING * * *
You hit the orc warrior but do no damage.
The orc warrior is moderately wounded.
The orc warrior completely misses you.
You barely miss the orc warrior.
The orc warrior is moderately wounded.
The orc warrior barely misses you.
The orc warrior hits you with a short sword!
You die...

#.# ..# #.# ..# #.# ..#
#. #.# ..# ##.# #.# ..#
..> #.# †.# #.. #.# ..#
#.. #@# ..# #.. #o#
<.########.o####o####.#
...........o.o.oo.$...#
#.###########o##.######
.................#
..###########........
### #########


You could see an orc warrior, an orc priest and 2 orcs.

Vanquished Creatures
  2 orc priests (D:3)
  A worker ant (D:4)
  3 gnolls (D:3)
  4 adders
  An ooze (D:3)
  2 worms
  2 dart slugs (D:2)
  2 leopard geckos (D:1)
  11 orcs
  2 bats (D:1)
  5 giant cockroaches
  7 goblins
  2 hobgoblins
  9 jackals
  A ball python (D:3)
  5 frilled lizards
  4 kobolds
  11 rats
74 creatures vanquished.

Notes
Turn   | Place    | Note
-------+----------+-------------------------------------------
     0 | D:1      | MTVSty1e the Draconian Berserker began the quest for the Orb.
     0 | D:1      | Reached XP level 1. HP: 19/19 MP: 1/1
   194 | D:1      | Reached XP level 2. HP: 23/26 MP: 2/2
   884 | D:2      | Reached XP level 3. HP: 33/33 MP: 3/3
   937 | D:2      | Reached ** piety under Trog
   937 | D:2      | Reached skill level 1 in Polearms
  1666 | D:2      | Found a faded altar of an unknown god.
  1791 | D:3      | Reached XP level 4. HP: 37/40 MP: 4/4
  1890 | D:3      | Reached XP level 5. HP: 29/47 MP: 5/5
  2587 | D:4      | Noticed an orc warrior
  2614 | D:4      | Slain by an orc warrior

Skill      XL: |  1  2  3  4  5 |
---------------+----------------+-----
Polearms       | 1 3 4 |  4.0
Fighting       | 4 |  4.9
Axes           | |  3.7
Dodging        | |  2.6

Action                   |  1- 3 |  4- 6 || total
-------------------------+-------+-------++-------
Melee: Hand axe          |    52 |       ||    52
       Tailslap          |    14 |    12 ||    26
       Spear             |    66 |   107 ||   173
Invok: Berserk           |       |     2 ||     2
       Trog's Hand       |       |     1 ||     1
 Stab: Sleeping          |     1 |       ||     1
  Eat: Ration            |     1 |     1 ||     2
Armor: Skin              |    29 |    21 ||    50
Dodge: Dodged            |    48 |    51 ||    99
